 Dungeon Crawl Stone Soup version 0.25-a0-85-g7617fd2bc2 (webtiles) character file.

Game seed: 13333041276132867189, levelgen mode: deterministic

88 MrRokkomies the Skirmisher (level 4, 0/40 HPs)
             Began as a Ghoul Gladiator on Nov 8, 2019.
             Killed from afar by Ijyb (8 damage)
             ... with a puff of flame
             ... on level 3 of the Dungeon.
             The game lasted 00:02:42 (1872 turns).

MrRokkomies the Skirmisher (Ghoul Gladiator)        Turns: 1872, Time: 00:02:43

Health: 0/40       AC: 11    Str: 18    XL:     4   Next: 54%
Magic:  3/3        EV:  7    Int:  3    God:
Gold:   79         SH:  0    Dex: 10    Spells: 3/3 levels left

rFire    . . .     SeeInvis +   a - +0 long sword
rCold    + + .     Gourm    .   (no shield)
rNeg     + + +     Faith    .   h - +2 chain mail {rC+}
rPois    ∞         Spirit   .   c - +0 helmet
rElec    .         Reflect  .   (no cloak)
rCorr    .         Harm     .   (no gloves)
MR       .....                  (no boots)
Stlth    ..........             (no amulet)
HPRegen  0.00/turn              g - ring of see invisible
MPRegen  0.08/turn              (no ring)

@: confused, rotting
A: rotting body, claws 1, carnivore, cold resistance 1, negative energy
resistance 3, inhibited regeneration, torment resistance, unbreathing
a: no special abilities


You were on level 3 of the Dungeon.
You were not hungry.

You visited 1 branch of the dungeon, and saw 3 of its levels.

You collected 79 gold pieces.

Inventory:

Hand Weapons
 a - a +0 long sword (weapon)
 b - a +0 hunting sling
Missiles
 j - 72 stones (quivered)
Armour
 c - a +0 helmet (worn)
 h - a +2 chain mail of cold resistance (worn)
Jewellery
 g - a ring of see invisible (left claw)
Scrolls
 k - a scroll of amnesia {unknown}
 l - 2 scrolls of fog
Potions
 e - a potion of agility
 m - 2 potions of cancellation
 n - a potion of lignification
 p - a potion of mutation {unknown}
 q - a potion of flight {unknown}
Comestibles
 f - 6 rations


   Skills:
 * Level 3.9 Fighting
 * Level 3.8 Long Blades
 - Level 1.7 Throwing
 - Level 2.6 Dodging


You had 3 spell levels left.
You didn't know any spells.
Your spell library was empty.

Dungeon Overview and Level Annotations

Branches:
Dungeon (3/15)

Altars:

Annotations:
D:3 Ijyb


Innate Abilities, Weirdness & Mutations

Your body is rotting away.
You thrive on raw meat.
You are immune to poison.
You have sharp fingernails.
You are carnivorous and can eat meat at any time.
Your flesh is cold resistant. (rC+)
You are immune to negative energy. (rN+++)
You do not regenerate when monsters are visible.
You are immune to unholy pain and torment.
You can survive without breathing.


Message History

You completely miss Ijyb.
Ijyb is heavily wounded.
Ijyb zaps a wand.
The puff of flame hits you!
* * * LOW HITPOINT WARNING * * *
Okay, then.
Unknown command.
Okay, then.
You aren't carrying any items that you can evoke.
Okay, then.
Unknown command.
It was a potion of lignification.
You feel woody for a moment. Ijyb completely misses you.
It was a potion of ambrosia.
You are confused.
You feel invigorated.
Ijyb zaps a wand.
The puff of flame hits you!
* * * LOW HITPOINT WARNING * * *
You completely miss Ijyb.
Ijyb is heavily wounded.
Ijyb hits you but does no damage.
Ijyb zaps a wand.
The puff of flame hits you!
You die...

###############
#####.............#
......###########.#
####...## ####†####
#.<...# #(g@....#
##...## #.##.##.#
##.## # #.# # #.#
#.# #.# ..# +# .##
.


You could see Ijyb.

Vanquished Creatures
  Terence (D:2)
  3 adders (D:2)
  2 leopard geckos (D:2)
  3 bats
  2 giant cockroaches
  3 goblins (D:2)
  A hobgoblin (D:2)
  8 jackals (D:2)
  7 kobolds
  A quokka (D:2)
  A ball python (D:1)
  3 frilled lizards
  2 rats (D:2)
37 creatures vanquished.

Notes
Turn   | Place    | Note
-------+----------+-------------------------------------------
     0 | D:1      | MrRokkomies the Ghoul Gladiator began the quest for the
                  | Orb.
     0 | D:1      | Reached XP level 1. HP: 17/17 MP: 0/0
   952 | D:2      | Reached XP level 2. HP: 20/24 MP: 1/1
   952 | D:2      | Noticed Terence
   963 | D:2      | Killed Terence
   963 | D:2      | Reached XP level 3. HP: 21/30 MP: 2/2
  1229 | D:2      | Reached XP level 4. HP: 35/37 MP: 3/3
  1851 | D:3      | Noticed Ijyb
  1871 | D:3      | HP: 2/40 [Ijyb/puff of flame (11)]
  1872 | D:3      | Killed from afar by Ijyb

Levels and vault maps discovered:
D:1:      nagdon_arrival_zigzag_paths, layout_loops_corners
D:2:      layout_loops_cross, uniq_terence
D:3:      layout_loops_corners, grunt_dithmenos_smoke_and_mirrors, uniq_ijyb,
          uniq_grinder

Skill      XL: |  1  2 |
---------------+-------+-----
Long Blades    | 3 |  3.8
Fighting       | 3 |  3.9
Throwing       | |  1.7
Dodging        | |  2.6

Action                   |  1- 3 |  4- 6 || total
-------------------------+-------+-------++-------
Melee: Long sword        |    63 |    77 ||   140
Throw: Throwing net      |     2 |     1 ||     3
  Use: Scroll            |     4 |       ||     4
       Potion            |       |     2 ||     2
  Eat: Chunk             |     4 |     2 ||     6
Armor: Leather armour    |     5 |       ||     5
       Chain mail        |    24 |    70 ||    94
Dodge: Dodged            |    33 |    40 ||    73
       Rpst.: Long sword |     8 |    16 ||    24

Table legend:
 A = Non-vault XP
 B = Vault XP
 C = Vault XP percentage of total XP
 D = Non-vault monster count
 E = Vault monster count
 F = Vault count percentage of total count
                 A         B        C        D         E       F
            +---------+---------+-------+---------+---------+-------
      Total |      95 |      32 |  25.2 |      36 |       1 |   2.7
            +---------+---------+-------+---------+---------+-------
        D:1 |       6 |       0 |   0.0 |       4 |       0 |   0.0
        D:2 |      87 |      32 |  26.9 |      31 |       1 |   3.1
        D:3 |       2 |       0 |   0.0 |       1 |       0 |   0.0
            +---------+---------+-------+---------+---------+-------
